 Dungeon Crawl Stone Soup version 0.22-a0-284-g99d1f7439c (webtiles) character file.

212849 Execuda the Severer (level 18, 0/178 HPs)
             Began as a Minotaur Gladiator on Mar 22, 2018.
             Was the Champion of Trog.
             Shot with an arrow by a naga sharpshooter (20 damage)
             ... on level 4 of the Snake Pit.
             The game lasted 01:15:57 (39125 turns).

Execuda the Severer (Minotaur Gladiator)           Turns: 39125, Time: 01:15:58

Health: 0/178      AC: 23    Str: 22 (23) XL:     18   Next: 25%
Magic:  23/23      EV: 12    Int:  5      God:    Trog [******]
Gold:   2585       SH: 26    Dex: 20      Spells: 17/17 levels left

rFire    . . .     SeeInvis .   a - +4 broad axe (elec)
rCold    + + .     Gourm    .   B - +2 large shield {rC+}
rNeg     + . .     Faith    .   r - +2 chain mail {rPois}
rPois    +         Spirit   .   c - +0 hat
rElec    +         Reflect  +   S - +1 cloak {+Inv}
rCorr    .         Harm     .   E - +0 pair of gloves
MR       ++...                  R - +0 pair of boots
Stlth    ..........             O - amulet "Loeraosh" {Reflect rElec rN+ Str+2 SH+3 Stlth+}
HPRegen  0.39/turn              e - ring of protection from magic
MPRegen  0.18/turn              K - ring of protection from cold

@: lethally poisoned (0 -> -25), about to teleport
A: retaliatory headbutt, horns 2, iridescent scales 1, agile 1, blurry vision 1,
deterioration 1
}: 1/15 runes: decaying
a: Berserk, Trog's Hand, Brothers in Arms, Renounce Religion, Evoke Invisibility


You were on level 4 of the Snake Pit.
You worshipped Trog.
Trog was exalted by your worship.
You were hungry.

You visited 5 branches of the dungeon, and saw 31 of its levels.
You also visited: Labyrinth, Sewer, Ossuary and Ice Cave.

You collected 3974 gold pieces.
You spent 1389 gold pieces at shops.

Inventory:

Hand Weapons
 a - a +4 broad axe of electrocution (weapon)
 b - a +2 broad axe of flaming
Missiles
 d - 5 throwing nets (quivered)
Armour
 c - a +0 hat (worn)
 h - a +0 plate armour of fire resistance
 r - a +2 chain mail of poison resistance (worn)
 B - a +2 large shield of cold resistance (worn)
 E - a +0 pair of gloves (worn)
 R - a +0 pair of boots (worn)
 S - a +1 cloak of invisibility (worn)
Jewellery
 e - a ring of protection from magic (left hand)
 k - an uncursed ring of see invisible
 l - an uncursed ring of protection from fire
 K - a ring of protection from cold (right hand)
 O - the amulet "Loeraosh" (around neck) {Reflect rElec rN+ Str+2 SH+3 Stlth+}
   (You found it in a labyrinth)

   [amulet of reflection]

   It shields you and reflects attacks.
   It affects your strength (+2).
   It insulates you from electricity.
   It protects you from negative energy.
   It affects your SH (+3).
   It makes you more stealthy.
Wands
 i - a wand of disintegration (28)
 u - a wand of paralysis (83)
 Q - a wand of enslavement (46)
 T - a wand of flame (53)
 U - a wand of digging (13)
 V - a wand of iceblast (39)
 W - a wand of polymorph (24)
 X - a wand of acid (7)
Scrolls
 g - 28 scrolls of remove curse
 n - 4 scrolls of immolation
 p - 17 scrolls of teleportation
 q - 7 scrolls of fear
 t - 3 scrolls of magic mapping
 x - 9 scrolls of blinking
 y - 5 scrolls of fog
 M - 5 scrolls of identify
 N - a scroll of silence
 Y - a scroll of summoning
Potions
 j - 4 potions of cancellation
 m - 2 potions of resistance
 s - 4 potions of lignification
 w - a potion of flight
 z - 5 potions of brilliance
 A - 4 potions of agility
 C - 9 potions of curing
 D - 3 potions of haste
 F - 4 potions of mutation
 G - a potion of might
 I - 3 potions of invisibility
 J - 3 potions of heal wounds
Miscellaneous
 v - a lamp of fire (inert)
 L - a lightning rod (1/4)
 P - a fan of gales
Comestibles
 f - 47 rations
 o - 6 chunks of flesh


   Skills:
 * Level 20.2 Fighting
 * Level 20.5 Axes
 - Level 2.0 Throwing
 + Level 14.8 Armour
 + Level 8.5 Dodging
 * Level 16.2 Shields
 - Level 8.0 Evocations


You had 17 spell levels left.
You didn't know any spells.

Dungeon Overview and Level Annotations

Branches:
Dungeon (15/15)            Temple (0/1) D:4            Lair (6/6) D:8
  Swamp (4/4) Lair:2        Snake (4/4) Lair:3        Slime (0/5) Lair:6
    Orc (2/2) D:11            Elf (0/3) Orc:2        Vaults (0/5) D:14
 Depths (0/5) D:15

Altars:
Cheibriados
Elyvilon
Gozag
Hepliaklqana
Kikubaaqudgha
Makhleb
Nemelex Xobeh
Qazlal
Sif Muna
Trog
Zin
The Shining One
Beogh

Shops:
D:13 %   Orc:1 *   Orc:2 *?([   Snake:4 =

Annotations:
D:8 exclusion: door


Innate Abilities, Weirdness & Mutations

You reflexively headbutt those who attack you in melee.
You have a pair of horns on your head.
You are partially covered in iridescent scales. (AC +2)
You are agile. (Dex +2)
Scrolls take you a little longer to read.
Your body sometimes deteriorates upon taking damage.


Message History

You hear a shout! x2
* * * LOW HITPOINT WARNING * * *
You are more poisoned.
The naga ritualist's toxic aura wanes.
The naga ritualist is engulfed in blazing flames.
The naga warrior is engulfed in blazing flames.
You block the naga warrior's attack.
The salamander mystic hits you with a scimitar!
* * * LOW HITPOINT WARNING * * *
You are engulfed in flames!
* * * LOW HITPOINT WARNING * * *
You block the nagaraja's attack. The nagaraja barely misses you.
The naga sharpshooter casts a spell.
The naga sharpshooter magically shoots a bolt.
You reflect the bolt off an invisible shield around you!
The naga ritualist is engulfed in blazing flames.
The naga sharpshooter casts a spell.
The naga sharpshooter magically shoots an arrow.
The arrow hits you!!
You die...

*,,,**,,,,##....##...##......
*,,,,##,,##......##)).#......
*,,,,.§N*#........##).'.#....
*,,,,§§§##........##))'.#....
*,,,,##§§##......##.).#......
*,,,*#..N§##..).##...##......
*,,**....NN##))##...##....<..
*,**,...(NN§##()...##........
***,,..(.(NN@)(†(.##.........
***,,.....NNN))..###<........
*,**,......##)..## ##........
*,,**....N##...### ##'######
*,,,*#}.(##...##.## #.###
*,,,,##(##...##...## #...#
*,,,,.......##.....###.#.#
*,,,,..,...##.......'....#
*,,,,**,,,##........##.###


You could see a naga warrior, 2 nagarajas, 3 naga sharpshooters, 2 salamander
mystics, 2 naga ritualists and 2 nagas.

Vanquished Creatures
  Vashnia (Snake:3)
  Asterion (Snake:2)
  A thorn hunter (Swamp:3)
  Kirke (Lair:5)
  A sphinx (D:14)
  Donald (Orc:2)
  An azure jelly (Swamp:4)
  An orc warlord (Orc:2)
  2 fire giants
  4 nagarajas
  A frost giant (IceCv)
  Aizul (Swamp:3)
  The ghost of Deemzul the Carver, a journeyman DsBe of Trog (Lair:6)
  A minotaur (Lab)
  A deep elf high priest (D:14)
  The ghost of aredel the Prestidigitator, a journeyman NaFi of Kikubaaqudgha (D:10)
  Josephine (D:11)
  A great orb of eyes (D:14)
  Fannar (Orc:1)
  A vault guard (D:14)
  A yaktaur captain (D:14)
  2 ice dragons (Swamp:4)
  9 naga warriors
  25 hydras
  3 merfolk avatars (Swamp:2)
  A ghost crab (Swamp:3)
  9 anacondas
  Erica (D:11)
  4 alligators
  3 centaur warriors
  7 two-headed ogres
  2 tengu warriors
  A deep troll earth mage (D:14)
  Urug (Orc:1)
  15 naga sharpshooters
  3 shock serpents
  3 spriggans (Swamp:4)
  Nergalle (Orc:1)
  3 salamander mystics
  A skeletal warrior (D:14)
  A fire crab (shapeshifter) (D:14)
  A deep troll (D:14)
  A spriggan druid (Swamp:2)
  2 unseen horrors (D:11)
  3 swamp dragons
  2 shambling mangroves
  3 naga ritualists
  A flayed ghost (D:14)
  8 orc knights
  Pikel (D:4)
  A harpy (shapeshifter) (D:14)
  18 ugly things
  3 mana vipers
  3 orc sorcerers
  5 salamanders
  5 manticores
  2 guardian serpents
  Maurice (Orc:2)
  31 black mambas
  A molten gargoyle (Lair:6)
  An ice statue (IceCv)
  15 naga magi
  The ghost of motoroller71 the Ducker, a novice GnGl (D:4)
  28 spiny frogs
  A kobold demonologist (D:11)
  7 rime drakes
  5 komodo dragons
  An efreet (D:15)
  2 tengu conjurers
  6 freezing wraiths
  2 queen bees
  12 trolls
  7 tyrant leeches
  Grinder (D:4)
  A jumping spider (shapeshifter) (D:14)
  19 polar bears
  19 blink frogs
  A meliai zombie (D:14)
  10 hornets
  20 slime creatures
  7 bog bodies
  Prince Ribbit (D:5)
  14 hippogriffs
  Sigmund (D:6)
  2 shadows (Swamp:3)
  9 wraiths
  13 wyverns
  A vampire (D:10)
  2 fire bats (Lair:6)
  67 yaks
  3 hogs (Lair:5)
  2 basilisks
  14 vampire mosquitoes
  4 hungry ghosts
  The ghost of WhatIsLove the Grave Robber, an amateur GnNe (D:3)
  5 wargs
  A steam dragon (D:11)
  13 swamp worms
  2 swamp worm simulacra (Swamp:4)
  An acid dragon (D:12)
  28 nagas
  15 hydra simulacra (Swamp:4)
  12 water moccasins
  10 porcupines
  11 swamp drakes
  4 sky beasts
  4 ice beasts
  3 slaves (D:4)
  2 phantoms
  3 black bears
  15 ogres
  26 orc warriors
  A black bear (shapeshifter) (D:14)
  An eye of draining (D:13)
  32 wolves
  11 centaurs
  8 crocodiles
  2 big kobolds
  22 bullfrogs
  2 wyvern skeletons
  A hornet simulacrum (D:15)
  3 water moccasin zombies (Ossuary)
  4 scorpions
  38 killer bees
  8 wights
  2 electric eels (Lair:2)
  2 howler monkeys
  6 crimson imps
  4 lava snakes (Lab)
  9 jellies
  2 bullfrog zombies (D:8)
  A bullfrog skeleton (D:4)
  8 hounds
  27 orc priests
  4 centaur skeletons
  Ijyb (D:3)
  5 iguanas
  32 orc wizards
  6 worker ants
  A killer bee zombie (D:8)
  A big kobold zombie (Ossuary)
  2 hound skeletons
  2 mummies (Ossuary)
  A howler monkey zombie (D:6)
  A worker ant zombie (D:5)
  4 gnolls (D:10)
  20 adders
  A shadow imp (D:5)
  2 white imps (D:15)
  6 swamp drake simulacra (Swamp:4)
  An ufetubus (D:15)
  11 oozes (Sewer)
  2 adder skeletons
  4 adder zombies (Ossuary)
  A worm (D:6)
  2 dart slugs (D:4)
  22 leopard geckos
  100 orcs
  11 ball pythons
  14 giant cockroaches
  2 gnoll zombies (Ossuary)
  6 goblins
  10 hobgoblins
  10 jackals
  7 quokkas
  9 bats
  14 frilled lizards
  A goblin skeleton (D:4)
  A goblin zombie (D:4)
  7 hobgoblin zombies
  20 kobolds
  A kobold skeleton (D:4)
  5 kobold zombies
  A leopard gecko zombie (D:7)
  An orc skeleton (D:4)
  5 orc zombies
  5 rats
  4 briar patches (Swamp:3)
  7 fungi
  11 plants
1245 creatures vanquished.

Vanquished Creatures (collateral kills)
  A fire giant (D:14)
  A nagaraja (Snake:2)
  An ice dragon (Swamp:4)
  4 naga warriors (Snake:4)
  4 anacondas (Snake:4)
  A two-headed ogre (D:8)
  A death knight (D:14)
  A naga sharpshooter (Snake:4)
  A salamander mystic (Snake:4)
  3 black mambas
  2 guardian serpents (Snake:4)
  2 naga magi (Snake:4)
  Psyche (D:9)
  2 spiny frogs (Lair:6)
  A tyrant leech (Lair:6)
  4 blink frogs (Lair:6)
  A vampire mosquito (Lair:6)
  A basilisk (Lair:6)
  6 nagas (Snake:4)
  An eye of draining (D:11)
  3 bullfrogs (Lair:6)
  4 killer bees (D:8)
  A shadow imp (D:9)
47 creatures vanquished.

Vanquished Creatures (others)
  2 naga sharpshooters
  A spiny frog (Swamp:4)
  A yaktaur (D:14)
  A yak (IceCv)
  A slave (D:4)
  A centaur (D:15)
  An adder (D:4)
  7 orcs
  A briar patch (Swamp:3)
  13 fungi
  25 plants
54 creatures vanquished.

Grand Total: 1346 creatures vanquished

Notes
Turn   | Place    | Note
-------+----------+-------------------------------------------
     0 | D:1      | Execuda the Minotaur Gladiator began the quest for the Orb.
     0 | D:1      | Reached XP level 1. HP: 18/18 MP: 0/0
   175 | D:1      | Reached XP level 2. HP: 22/25 MP: 1/1
   418 | D:1      | Reached XP level 3. HP: 31/31 MP: 2/2
   889 | D:2      | Found a sparkling altar of Nemelex Xobeh.
   931 | D:2      | Reached skill level 5 in Axes
  1154 | D:2      | Reached XP level 4. HP: 22/38 MP: 3/3
  1680 | D:3      | Noticed WhatIsLove's ghost (amateur GnNe)
  2023 | D:3      | Reached skill level 1 in Armour
  2023 | D:3      | Reached skill level 1 in Shields
  2042 | D:3      | Noticed Ijyb
  2136 | D:3      | Paralysed by Ijyb for 7 turns
  2151 | D:3      | Killed Ijyb
  2151 | D:3      | Reached XP level 5. HP: 44/46 MP: 4/4
  2320 | D:3      | Found a bloodstained altar of Trog.
  2334 | D:3      | Became a worshipper of Trog the Wrathful
  2743 | D:4      | Noticed motoroller71's ghost (novice GnGl)
  2851 | D:4      | Found an ancient bone altar of Kikubaaqudgha.
  2861 | D:4      | Found a glowing golden altar of the Shining One.
  2889 | D:4      | Reached XP level 6. HP: 53/53 MP: 5/5
  2908 | D:4      | Reached * piety under Trog
  2955 | D:4      | Reached skill level 5 in Fighting
  3086 | D:3      | Killed WhatIsLove's ghost
  3086 | D:3      | Reached XP level 7. HP: 61/61 MP: 6/6
  3638 | D:4      | Noticed Pikel
  3651 | D:4      | Killed Pikel
  3651 | D:4      | Reached XP level 8. HP: 71/71 MP: 7/7
  3679 | D:4      | Noticed Grinder
  3701 | D:4      | Killed Grinder
  3866 | D:4      | Found a white marble altar of Elyvilon.
  4093 | D:4      | Found a staircase to the Ecumenical Temple.
  4277 | D:5      | Entered Level 5 of the Dungeon
  4295 | D:5      | Reached skill level 5 in Dodging
  4299 | D:5      | Noticed Prince Ribbit
  4420 | D:5      | Killed Prince Ribbit
  6539 | D:6      | Found a sand-covered staircase.
  6543 | D:6      | Found a burning altar of Makhleb.
  6548 | Ossuary  | Entered an ossuary
  6568 | Ossuary  | Reached ** piety under Trog
  6617 | Ossuary  | Reached skill level 5 in Armour
  6636 | Ossuary  | Reached XP level 9. HP: 78/81 MP: 8/8
  6655 | Ossuary  | Reached skill level 5 in Shields
  6747 | D:6      | Found a snail-covered altar of Cheibriados.
  6752 | D:6      | Noticed Sigmund
  6769 | D:6      | Killed Sigmund
  6926 | D:6      | Found a glowing drain.
  6935 | Sewer    | Entered a sewer
  6988 | Sewer    | Reached *** piety under Trog
  7360 | D:6      | Reached **** piety under Trog
  7360 | D:6      | Reached skill level 10 in Axes
  7437 | D:6      | Got a translucent leather armour
  7793 | D:7      | Reached XP level 10. HP: 93/93 MP: 9/9
  7795 | D:7      | Reached skill level 10 in Fighting
  7993 | D:7      | Received a gift from Trog
  8405 | D:7      | Found a stormy altar of Qazlal.
  8508 | D:8      | Noticed a purple ugly thing
  8516 | D:8      | Killed a purple ugly thing
  8733 | D:8      | Noticed a two-headed ogre
  8739 | D:8      | Reached ***** piety under Trog
  8741 | D:8      | Killed a two-headed ogre
  8886 | D:8      | Noticed a two-headed ogre
  8894 | D:8      | Killed a two-headed ogre
  8898 | D:8      | Noticed a two-headed ogre
  8905 | D:8      | Killed a two-headed ogre
  8917 | D:8      | Found a staircase to the Lair.
  9166 | D:8      | Reached XP level 11. HP: 102/102 MP: 10/10
  9246 | D:8      | Found a hazy altar of Hepliaklqana.
  9336 | D:8      | Found a deep blue altar of Sif Muna.
  9577 | D:9      | Noticed Psyche
  9582 | D:9      | Paralysed by Psyche for 7 turns
  9594 | D:9      | Killed Psyche
 10108 | D:9      | Found an opulent altar of Gozag.
 10213 | D:10     | Entered Level 10 of the Dungeon
 10372 | D:10     | Received a gift from Trog
 10907 | D:10     | Noticed aredel's ghost (journeyman NaFi)
 10918 | D:10     | Killed aredel's ghost
 11281 | D:11     | Noticed a white ugly thing
 11284 | D:11     | Found a staircase to the Orcish Mines.
 11328 | D:11     | Killed a white ugly thing
 11335 | D:11     | Noticed an unseen horror
 11347 | D:11     | Noticed Erica
 11347 | D:11     | Killed an unseen horror
 11352 | D:11     | Killed Erica
 11429 | D:11     | Noticed a seven-headed hydra
 11445 | D:11     | Killed a four-headed hydra
 11841 | Lair:1   | Entered Level 1 of the Lair of Beasts
 11862 | Lair:1   | Noticed a five-headed hydra
 11870 | Lair:1   | Killed a one-headed hydra
 11870 | Lair:1   | Reached XP level 12. HP: 115/115 MP: 11/11
 12071 | Lair:1   | Noticed a seven-headed hydra
 12080 | Lair:1   | Killed a four-headed hydra
 12918 | Lair:2   | Reached skill level 10 in Shields
 12922 | Lair:2   | Reached skill level 10 in Armour
 13585 | Lair:2   | Found a staircase to the Swamp.
 14282 | Lair:3   | Received a gift from Trog
 14414 | Lair:3   | Found a staircase to the Snake Pit.
 14931 | Lair:4   | Reached skill level 15 in Axes
 14958 | Lair:4   | Reached XP level 13. HP: 70/125 MP: 12/12
 15286 | Lair:4   | Found a labyrinth entrance.
 15297 | Lab      | Entered a labyrinth
 15708 | Lab      | Noticed a minotaur
 15718 | Lab      | Killed a minotaur
 15742 | Lab      | Identified Jamob's Papyrus of Stolen Souls and Attacks
 15743 | Lab      | Got a wavering zirconium amulet
 15751 | Lab      | Identified the amulet "Loeraosh" {Reflect rElec rN+ Str+2 SH+3 Stlth+} (You found it in a labyrinth)
 15866 | Lair:4   | Reached skill level 1 in Evocations
 16405 | Lair:5   | Reached skill level 15 in Fighting
 16891 | Lair:5   | Noticed Kirke
 16899 | Lair:5   | Killed Kirke
 17385 | Lair:6   | Entered Level 6 of the Lair of Beasts
 17389 | Lair:6   | Found a staircase to the Slime Pits.
 17410 | Lair:6   | Received a gift from Trog
 17514 | Lair:6   | Reached XP level 14. HP: 85/136 MP: 16/16
 17614 | Lair:6   | Reached skill level 5 in Evocations
 17960 | Lair:6   | Noticed Deemzul's ghost (journeyman DsBe)
 17972 | Lair:6   | Killed Deemzul's ghost
 18468 | Lair:6   | Received a gift from Trog
 19381 | D:11     | Noticed Josephine
 19408 | D:11     | Killed Josephine
 20260 | D:11     | Found a glowing golden altar of the Shining One.
 21396 | D:13     | Found Pucouh's Food Shop.
 21702 | D:13     | Received a gift from Trog
 22329 | D:14     | Noticed a fire giant
 22336 | D:14     | Killed a fire giant
 22336 | D:14     | Reached XP level 15. HP: 104/146 MP: 19/19
 22567 | D:14     | Noticed a sphinx
 22572 | D:14     | Killed a sphinx
 22582 | D:14     | Got an ebony scimitar
 22939 | D:14     | Noticed a fire giant
 22946 | D:14     | Killed a fire giant
 23561 | D:14     | Paralysed by a great orb of eyes for 5 turns
 23881 | D:14     | Got a flickering bone ring
 23986 | D:14     | Received a gift from Trog
 24258 | D:14     | Found a gate to the Vaults.
 24397 | D:15     | Entered Level 15 of the Dungeon
 24413 | D:15     | Identified the ring of Fanaticism {rC+ MR- Str+3 SInv} (You found it on level 14 of the Dungeon)
 24437 | D:15     | Found a frozen archway.
 24443 | IceCv    | Entered an ice cave
 24520 | IceCv    | Got a translucent morningstar
 24730 | IceCv    | Gained mutation: You are agile. (Dex +2) [mutagenic glow]
 25125 | IceCv    | Noticed a frost giant
 25144 | IceCv    | Killed a frost giant
 25144 | IceCv    | Received a gift from Trog
 25209 | IceCv    | Gained mutation: Your body sometimes deteriorates upon taking damage. [mutagenic glow]
 26000 | D:15     | Found a staircase to the Depths.
 26000 | D:15     | Noticed a fire giant
 26045 | D:15     | Killed a fire giant
 26556 | Orc:1    | Entered Level 1 of the Orcish Mines
 26570 | Orc:1    | Paralysed by an orc sorcerer for 6 turns
 26703 | Orc:1    | Found Tarad's General Store.
 26708 | Orc:1    | Found a roughly hewn altar of Beogh.
 26717 | Orc:1    | Noticed Urug
 26718 | Orc:1    | Noticed Nergalle
 26719 | Orc:1    | Noticed Fannar
 26731 | Orc:1    | Killed Nergalle
 26733 | Orc:1    | Received a gift from Trog
 26740 | Orc:1    | Killed Fannar
 26756 | Orc:1    | Killed Urug
 26756 | Orc:1    | Reached XP level 16. HP: 120/157 MP: 21/21
 27269 | Orc:1    | Bought a scroll of identify for 30 gold pieces
 27269 | Orc:1    | Identified a scroll of acquirement
 27275 | Orc:1    | Got a pearl-encrusted plate armour
 27286 | Orc:1    | Identified the +1 plate armour "Lozaj" {rC- rN+ Str+5} (You acquired it on level 1 of the Orcish Mines)
 27512 | Orc:2    | Entered Level 2 of the Orcish Mines
 27585 | Orc:2    | Received a gift from Trog
 27665 | Orc:2    | Noticed Maurice
 27681 | Orc:2    | Killed Maurice
 27690 | Orc:2    | Found a staircase to the Elven Halls.
 27723 | Orc:2    | Noticed Donald
 27736 | Orc:2    | Killed Donald
 28022 | Orc:2    | Found Catueff's Antique Armour Shoppe.
 28033 | Orc:2    | Found a roughly hewn altar of Beogh.
 28159 | Orc:2    | Found Beomeris's Antique Weapon Emporium.
 28184 | Orc:2    | Reached ****** piety under Trog
 28247 | Orc:2    | Found a roughly hewn altar of Beogh.
 28262 | Orc:2    | Found Huwon's Magic Scroll Boutique.
 28354 | Orc:2    | Found a roughly hewn altar of Beogh.
 28558 | Orc:2    | Found a roughly hewn altar of Beogh.
 28559 | Orc:2    | Found Sistrypod's General Store.
 28649 | Orc:2    | Found a roughly hewn altar of Beogh.
 28788 | Orc:2    | Bought a glowing large shield for 232 gold pieces
 28841 | Orc:2    | Bought a scroll of identify for 28 gold pieces
 28841 | Orc:2    | Bought a scroll of blinking for 105 gold pieces
 28841 | Orc:2    | Bought a scroll of immolation for 49 gold pieces
 28841 | Orc:2    | Bought a scroll of identify for 28 gold pieces
 28841 | Orc:2    | Bought a scroll of silence for 105 gold pieces
 28841 | Orc:2    | Bought 3 scrolls of identify for 84 gold pieces
 28841 | Orc:2    | Bought a scroll of acquirement for 728 gold pieces
 28847 | Orc:2    | Identified the +5 morningstar of Pride {crush, rF- Dex+5} (You found it in an ice cave)
 28854 | Orc:2    | Got a pair of twisted gloves
 28865 | Orc:2    | Identified the -5 pair of gloves "Mehemic" {SInv} (You acquired it on level 2 of the Orcish Mines)
 29167 | D:4      | Found a glowing golden altar of the Shining One.
 29209 | D:4      | Found an ancient bone altar of Kikubaaqudgha.
 29282 | D:4      | Killed motoroller71's ghost
 29425 | D:4      | Found a staircase to the Ecumenical Temple.
 29517 | D:4      | Found a white marble altar of Elyvilon.
 29900 | Snake:1  | Entered Level 1 of the Snake Pit
 31040 | Snake:2  | Received a gift from Trog
 31650 | Snake:2  | Noticed Asterion
 31659 | Snake:2  | Killed Asterion
 32210 | Snake:3  | Received a gift from Trog
 32348 | Snake:3  | Found a glowing silver altar of Zin.
 32398 | Snake:3  | Reached XP level 17. HP: 168/168 MP: 22/22
 32786 | Snake:3  | Noticed Vashnia
 32799 | Snake:3  | Killed Vashnia
 33185 | Snake:4  | Entered Level 4 of the Snake Pit
 33287 | Snake:4  | Found Leoti's Jewellery Boutique.
 33650 | Snake:4  | Reached skill level 15 in Shields
 34142 | Swamp:1  | Entered Level 1 of the Swamp
 34931 | Swamp:1  | Received a gift from Trog
 35190 | Swamp:2  | Gained mutation: Scrolls take you a little longer to read. [mutagenic glow]
 35776 | Swamp:2  | Gained mutation: You are partially covered in iridescent scales. (AC +2) [mutagenic glow]
 37220 | Swamp:3  | Noticed Aizul
 37239 | Swamp:3  | Killed Aizul
 37291 | Swamp:3  | Received a gift from Trog
 37554 | Swamp:4  | Entered Level 4 of the Swamp
 38347 | Swamp:4  | Reached XP level 18. HP: 164/178 MP: 23/23
 38868 | Swamp:4  | Got a decaying rune of Zot
 39098 | Snake:4  | Received a gift from Trog
 39125 | Snake:4  | Shot with an arrow by a naga sharpshooter

Vault maps used:
D:1:      nagdon_arrival_double_spiral
D:2:      lemuel_coloured_pillars_altar
D:3:      lemuel_crystal_altar, uniq_ijyb
D:4:      nicolae_overflow_hidden_temple, lemuel_round_altar, temple_hall,
          first_ration, nicolae_tso_besieged_by_evil, uniq_grinder, uniq_pikel
D:5:      st_stairs_10, minmay_misc_feat_pillars, uniq_prince_ribbit1
D:6:      kennysheep_mini, lemuel_crystal_altar, enter_ossuary_1,
          cheibrodos_sewer_entry_sluice, uniq_sigmund
D:7:      nicolae_qazlal_general_emergency
D:8:      kennysheep_little_box, led_sif_book, dpeg_oklobed_lair,
          david_nohive_1, hangedman_decor_clover_reticule, nicolae_sextant,
          grunt_decor_cap, eino_small_chamber_without_monster,
          hangedman_abyss_or_decor_stagger
D:9:      nicolae_gozag_seed_capital, uniq_psyche
D:10:     stair_cage_cross
D:11:     david_orc_3, basic_altar, uniq_erica, uniq_josephine
D:13:     serial_shops, nicolae_shop_crystal
D:14:     minmay_box_of_curves, david_vaults_4
D:15:     grunt_enter_depths_giant_problem, serial_ice, serial_ice_m,
          serial_ice_n, serial_ice_e, serial_ice_k,
          portal_ice_cave_entry_pillars_2, minmay_misc_feat_x
Lair:1:   serial_bayou_shore_b
Lair:2:   minmay_swamp_entry_worms, special_room, st_stairs_7,
          serial_bayou_ford_a, infiniplex_staircase_pool
Lair:3:   dummy_snake_entry, grunt_megastairs_2
Lair:4:   lab_entry_generic, lemuel_fruit_fields
Lair:5:   minmay_lair_venomous_thicket, serial_forest,
          infiniplex_forest_straight_4, infiniplex_forest_pool,
          infiniplex_forest_straight_3, infiniplex_forest_end_2,
          infiniplex_forest_straight_4, infiniplex_forest_lined_room_2,
          infiniplex_forest_end_2, special_room, uniq_kirke
Lair:6:   minmay_lair_end_frog_pond, minmay_slime_entry_pillars
Swamp:1:  hangedman_swamp_ruin_hall, swamp_pool1
Swamp:2:  hangedman_swamp_lotus, swamp_pool5, grunt_lady_of_the_lake
Swamp:3:  serial_swamp_ruin, evilmike_swamp_ruin_house_3,
          hangedman_swamp_ruin_wall, uniq_aizul
Swamp:4:  swamp_icy
Snake:2:  serial_bayou_pond_d, evilmike_ambush, uniq_asterion
Snake:3:  basic_altar, uniq_vashnia
Snake:4:  johnstein_snake_rune_scales, minmay_shop_star
Orc:1:    serial_shops, shop, basic_altar, uniq_fannar, uniq_urug, uniq_nergalle
Orc:2:    grunt_orc_community_town_hall, grunt_orc_community_big_house_1,
          grunt_orc_community_big_house_2, grunt_orc_community_house_1,
          grunt_orc_community_house_3, grunt_orc_community_house_3,
          grunt_orc_community_house_1, grunt_orc_community_house_3, uniq_donald,
          uniq_maurice
Lab:      labyrinth_mini_lab, labyrinth_lava_lair, lab_fountain
Sewer:    sewer_frog_island_02
Ossuary:  ossuary_tomb_2
IceCv:    ice_cave_caverns_02

Skill      XL: |  1  2  3  4  5  6  7  8  9 10 11 12 13 14 15 16 17 18 |
---------------+-------------------------------------------------------+-----
Axes           | 4 5 6 7 9 10 12 13 15 16 17 18 19 20 | 20.5
Fighting       | 3 4 5 6 8 9 11 13 14 15 16 18 19 20 | 20.2
Armour         | 1 2 3 5 6 7 9 10 11 12 13 14 | 14.8
Shields        | 1 2 3 4 6 7 9 10 11 12 13 14 15 16 | 16.2
Dodging        | 4 5 6 8 |  8.5
Evocations     | 4 7 8 |  8.0
Throwing       | |  2.0

Action                   |  1- 3 |  4- 6 |  7- 9 | 10-12 | 13-15 | 16-18 || total
-------------------------+-------+-------+-------+-------+-------+-------++-------
Melee: War axe           |    91 |   146 |   373 |   218 |       |    26 ||   854
       Headbutt          |    14 |    22 |    50 |   113 |   234 |   298 ||   731
       Broad axe         |       |       |       |   278 |   834 |   949 ||  2061
       Scimitar          |       |       |       |    18 |    66 |       ||    84
Invok: Berserk           |       |     2 |    11 |    18 |    17 |    13 ||    61
       Trog's Hand       |       |       |     1 |     2 |     5 |     6 ||    14
       Brothers in Arms  |       |       |       |     4 |     4 |     5 ||    13
 Abil: Evoke Invisibilit |       |       |       |       |    26 |    22 ||    48
Evoke: Wand              |       |       |       |       |     1 |       ||     1
       Lightning rod     |       |       |       |       |       |     3 ||     3
       Lamp of fire      |       |       |       |       |       |     1 ||     1
  Use: Scroll            |       |     1 |     8 |     5 |    10 |    13 ||    37
       Potion            |       |       |       |     1 |     4 |     4 ||     9
 Stab: Distracted        |       |       |     1 |       |     1 |     3 ||     5
       Invisible         |       |       |       |       |    73 |    67 ||   140
       Confused          |       |       |       |       |       |     1 ||     1
  Eat: Chunk             |     1 |     4 |    20 |    32 |    60 |    20 ||   137
       Ration            |       |     1 |     2 |     4 |     2 |    13 ||    22
Armor: Leather armour    |     9 |       |       |       |       |       ||     9
       Chain mail        |    45 |    66 |   111 |       |       |   223 ||   445
       Plate armour      |       |       |    12 |   256 |   394 |       ||   662
Dodge: Dodged            |    44 |    42 |   114 |   191 |   235 |   203 ||   829
       Deflected         |       |       |     1 |     4 |       |       ||     5
Block: Shield            |     9 |    51 |   178 |   307 |   640 |    90 ||  1275
       Reflection        |       |       |       |       |    18 |    80 ||    98
       Large shield      |       |       |       |       |       |   829 ||   829
       Rpst.: Scimitar   |       |       |       |     1 |     5 |       ||     6

Table legend:
 A = Spawn XP
 B = Non-spawn XP
 C = Spawn XP percentage of total XP
 D = Spawn monster count
 E = Non-spawn monster count
 F = Spawn count percentage of total count
 G = Total turns spent on level
                    A         B        C        D         E        F      G
               +---------+---------+-------+---------+---------+-------+---------
         Total |       0 |  312123 |   0.0 |       0 |    1273 |   0.0 | 39125
               +---------+---------+-------+---------+---------+-------+---------
           D:1 |       0 |      47 |   0.0 |       0 |      27 |   0.0 |   807
           D:2 |       0 |      79 |   0.0 |       0 |      19 |   0.0 |  1281
           D:3 |       0 |     316 |   0.0 |       0 |      25 |   0.0 |   901
           D:4 |       0 |    1711 |   0.0 |       0 |      27 |   0.0 |  2179
           D:5 |       0 |     832 |   0.0 |       0 |      17 |   0.0 |  2005
           D:6 |       0 |    1424 |   0.0 |       0 |      30 |   0.0 |   602
           D:7 |       0 |    1629 |   0.0 |       0 |      25 |   0.0 |   974
           D:8 |       0 |    5004 |   0.0 |       0 |      39 |   0.0 |  1106
           D:9 |       0 |    2227 |   0.0 |       0 |      40 |   0.0 |   730
          D:10 |       0 |    3069 |   0.0 |       0 |      28 |   0.0 |  1420
          D:11 |       0 |    8355 |   0.0 |       0 |      37 |   0.0 |  1394
          D:12 |       0 |    5572 |   0.0 |       0 |      27 |   0.0 |   663
          D:13 |       0 |    2216 |   0.0 |       0 |      16 |   0.0 |   822
          D:14 |       0 |   28626 |   0.0 |       0 |      62 |   0.0 |  2632
          D:15 |       0 |    9744 |   0.0 |       0 |      28 |   0.0 |  1181
        Lair:1 |       0 |    6173 |   0.0 |       0 |      23 |   0.0 |   776
        Lair:2 |       0 |    5531 |   0.0 |       0 |      47 |   0.0 |  1427
        Lair:3 |       0 |    4504 |   0.0 |       0 |      21 |   0.0 |  1391
        Lair:4 |       0 |    3685 |   0.0 |       0 |      16 |   0.0 |   853
        Lair:5 |       0 |   17245 |   0.0 |       0 |      50 |   0.0 |  1166
        Lair:6 |       0 |   23905 |   0.0 |       0 |      93 |   0.0 |  1879
       Swamp:1 |       0 |    6375 |   0.0 |       0 |      15 |   0.0 |  1019
       Swamp:2 |       0 |   17387 |   0.0 |       0 |      39 |   0.0 |  1273
       Swamp:3 |       0 |   14289 |   0.0 |       0 |      30 |   0.0 |   947
       Swamp:4 |       0 |   17732 |   0.0 |       0 |      54 |   0.0 |  1368
       Snake:1 |       0 |    8269 |   0.0 |       0 |      17 |   0.0 |  1246
       Snake:2 |       0 |   33037 |   0.0 |       0 |      50 |   0.0 |  1098
       Snake:3 |       0 |   20129 |   0.0 |       0 |      27 |   0.0 |   974
       Snake:4 |       0 |   26780 |   0.0 |       0 |      58 |   0.0 |   936
         Orc:1 |       0 |    7995 |   0.0 |       0 |      45 |   0.0 |   687
         Orc:2 |       0 |   13708 |   0.0 |       0 |     102 |   0.0 |  1416
           Lab |       0 |    1446 |   0.0 |       0 |       5 |   0.0 |   459
         Sewer |       0 |     360 |   0.0 |       0 |      53 |   0.0 |   383
       Ossuary |       0 |     326 |   0.0 |       0 |      26 |   0.0 |   153
         IceCv |       0 |   12396 |   0.0 |       0 |      55 |   0.0 |   977
               +---------+---------+-------+---------+---------+-------+---------
